 Dungeon Crawl Stone Soup version 0.15.2 (webtiles) character file.

900 RiddleOfTheSphinx the Insei (level 7, -2/52 HPs)
             Began as a Mummy Monk on Dec 9, 2015.
             Killed from afar by an orc wizard (6 damage)
             ... with a puff of flame
             ... on Level 7 of the Dungeon.
             The game lasted 00:30:04 (10788 turns).

RiddleOfTheSphinx the Insei (Mummy Monk)           Turns: 10788, Time: 00:30:04

HP  -2/52        AC  3     Str 14      XL: 7   Next: 79%
MP   7/7         EV 13     Int  9      God:
Gold 267         SH  0     Dex 16      Spells:  0 memorised,  6 levels left

rFire  . . .     SeeInvis .       - Unarmed
rCold  . . .     Clarity  .     (no armour)
rNeg   + + +     rCorr    .     b - +0 buckler {AC+3}
rPois  +         rRot     +     (no helmet)
rElec  .         Spirit   .     (no cloak)
SustAb .         Warding  .     (no gloves)
rMut   .         Stasis   .     (no boots)
Gourm  .                        (no amulet)
MR     .....                    (no ring)
                                g - ring of fire

@: confused, not resistant to hostile enchantments, very unstealthy
A: no food or potions, fire vulnerability, restore body, cold resistance 1,
negative energy resistance 3, poison resistance, torment resistance, unbreathing
a: no special abilities


You were on level 7 of the Dungeon.
You were not hungry.

You visited 1 branch of the dungeon, and saw 7 of its levels.
You also visited: Ossuary.

You collected 267 gold pieces.

Inventory:

Armour
 b - a +0 buckler of protection (worn)
Comestibles
 a - a slice of pizza
 d - 4 bread rations
 i - 2 fruits (quivered)
Scrolls
 c - a scroll of teleportation
 e - a scroll of identify
 f - a scroll of remove curse
 h - 2 scrolls of enchant armour
 j - a scroll of magic mapping
 k - a scroll of recharging
 l - a scroll of blinking
 m - a scroll of fear
Jewellery
 g - a ring of fire (left hand)


   Skills:
 + Level 3.6 Fighting
 - Level 2.5 Dodging
 + Level 3.8 Stealth
 - Level 4.0 Shields
 * Level 5.8 Unarmed Combat


You had 6 spell levels left.
You didn't know any spells.

Dungeon Overview and Level Annotations

Branches:
Dungeon (7/15)             Temple (0/1) D:6

Altars:
Elyvilon
Kikubaaqudgha
Qazlal
Trog
Vehumet
Xom
Yredelemnul

Shops:
D:7 }

Annotations:
D:4 exclusion: worker ant
D:5 exclusion: centaur
D:6 exclusions: goliath beetle and jelly
D:7 exclusions: killer bee and 6 more exclusions


Innate Abilities, Weirdness & Mutations

You do not eat or drink.
Your flesh is vulnerable to fire.
Your flesh is cold resistant.
You are immune to negative energy.
Your system is resistant to poisons.
You are immune to unholy pain and torment.
You can survive without breathing.


Message History

You hear some strange, mumbled words.
The puff of flame hits you!
* * * LOW HITPOINT WARNING * * *
You barely miss something.
You hear some strange, mumbled words.
You are confused.
You're too confused!
Something hits you but does no damage.
You hear some strange, mumbled words.
You are more confused.
The magic dart hits you!
* * * LOW HITPOINT WARNING * * *
Ouch! You hear some strange, mumbled words.
Something tries to affect you, but you resist.
You're too confused!
You hear some strange, mumbled words.
A puff of flame appears from out of thin air!
The puff of flame hits you!
You die...

### #.##
##.###♣#
#.@...# #.{.♣∩♣
##....##
#....♣.# ..
##.....## ...
##.....##
....####....###
............##
............##


There were no monsters in sight!

Vanquished Creatures
  A phantom (D:5)
  2 giant frogs (D:6)
  A wight (Ossuary)
  2 crimson imps
  5 hounds
  An orc wizard (D:5)
  A giant frog skeleton (D:4)
  5 worker ants
  A worker ant zombie (D:6)
  4 adders
  A giant mite (D:4)
  3 shadow imps (D:6)
  2 worms (D:3)
  An adder zombie (D:5)
  2 orc skeletons
  4 giant geckos
  2 oozes
  23 orcs
  9 giant cockroaches
  11 hobgoblins
  13 jackals
  A quokka (D:4)
  2 ball pythons
  19 bats
  A giant gecko skeleton (D:5)
  2 giant newts
  5 goblins
  A hobgoblin skeleton (Ossuary)
  A hobgoblin zombie (Ossuary)
  A jackal zombie (D:6)
  7 kobolds
  2 orc zombies (Ossuary)
  13 rats
149 creatures vanquished.

Vanquished Creatures (others)
  A human (D:5)
1 creature vanquished.

Grand Total: 150 creatures vanquished

Notes
Turn   | Place    | Note
--------------------------------------------------------------
     0 | D:1      | RiddleOfTheSphinx, the Mummy Monk, began the quest for the Orb.
     0 | D:1      | Reached XP level 1. HP: 18/18 MP: 1/1
   335 | D:1      | Reached XP level 2. HP: 20/24 MP: 2/2
  1582 | D:2      | Reached skill level 4 in Unarmed Combat
  1582 | D:2      | Reached XP level 3. HP: 22/29 MP: 3/3
  2238 | D:3      | Found a radiant altar of Vehumet.
  2942 | D:3      | Reached XP level 4. HP: 32/35 MP: 4/4
  3368 | D:4      | Found a basalt altar of Yredelemnul.
  3374 | D:4      | Found a shimmering altar of Xom.
  3727 | D:4      | Found a white marble altar of Elyvilon.
  4499 | D:4      | Reached skill level 5 in Unarmed Combat
  4590 | D:4      | Reached XP level 5. HP: 7/41 MP: 5/5
  4765 | D:3      | HP: 1/41 [orc/falchion (8)]
  5278 | D:5      | Entered Level 5 of the Dungeon
  5516 | D:5      | Found an ancient bone altar of Kikubaaqudgha.
  5566 | D:5      | Noticed a human
  5568 | D:5      | Killed a human
  5657 | D:5      | Found a sand-covered staircase.
  5663 | Ossuary  | Entered an ossuary
  5731 | Ossuary  | Noticed a flying skull
  5731 | Ossuary  | Noticed a wraith
  5808 | Ossuary  | Reached skill level 1 in Shields
  6305 | D:5      | Noticed an orc warrior
  6476 | D:5      | Found a bloodstained altar of Trog.
  6476 | D:5      | Noticed a sky beast
  6505 | D:4      | HP: 2/41 [worker ant (6)]
  6939 | D:4      | Reached XP level 6. HP: 45/47 MP: 6/6
  7515 | D:5      | Noticed a centaur
  7533 | D:5      | Noticed a phantom
  7618 | D:5      | Killed a phantom
  7991 | D:6      | Found a staircase to the Ecumenical Temple.
  8196 | D:6      | Reached XP level 7. HP: 47/52 MP: 7/7
 10053 | D:6      | Found a stormy altar of Qazlal.
 10690 | D:7      | Found Heusk's Gadget Shop.
 10788 | D:7      | Killed from afar by an orc wizard

Action                   |  1- 3 |  4- 6 |  7- 9 || total
-------------------------+-------+-------+-------++-------
Melee: Unarmed           |   166 |   347 |   266 ||   779
  Use: Scroll            |     2 |    11 |     4 ||    17
 Stab: Sleeping          |     1 |     7 |     1 ||     9
       Distracted        |       |     1 |     1 ||     2
